Silver Knights vs Stars

Created - 19 octobre 2023 at 15:28

Goals
1 2 3 OT1 SO T
Silver Knights 1 0 0 0 2 2
Stars 1 0 0 0 1 1
Shots
1 2 3 OT1 SO T
Silver Knights 4 2 0 3 3 9
Stars 8 3 1 4 3 16

GoalsPenalties
1st period
1. Silver Knights , Lucas Carlsson 1 (Mike Hardman 4) at 3:10
2. Stars , Joel L'Esperance 3 (Jesper Froden 9, Ethan Prow 5) at 6:03 (PP)
Wyatt Newpower (CHI) for Roughing (Minor) at 5:18
Chris Terry (DAL) for Fighting (Major) at 6:29
Reese Johnson (CHI) for Fighting (Major) at 6:29
2nd period
No Goal
Cole Maier (DAL) for Slashing (Minor) at 17:13
3rd period
No Goal
Kevin Connauton (DAL) for Slashing (Minor) at 0:22
Chris Terry (DAL) for Hooking (Minor) at 10:47
Overtime #1
No Goal
Shootout
Silver Knights, Mavrik Bourque - Goal!
Stars, Jayson Megna - Stopped by Cayden Primeau
Silver Knights, Reese Johnson - Goal!
Stars, Chris Terry - Goal!
Silver Knights, Ruslan Iskhakov - Shot Misses the Net
Stars, Jesper Froden - Stopped by Cayden Primeau
Goalie Stats
Cayden Primeau (CHI), 15 saves from 16 shots - (0,938), W, 10-8-5, 65:00 minutes
Dustin Tokarski (DAL), 8 saves from 9 shots - (0,889), OTL, 12-6-5, 65:00 minutes
3 StarsOfficial
1 - Lucas Carlsson (CHI)
2 - Mike Hardman (CHI)
3 - Joel L'Esperance (DAL)
Referees : Chris Lee and Jean Hebert
Linesman : Cassandra Gregory and Travis Gawryletz
Game Note
Chris Terry beats up Reese Johnson at 6:29 of 1st period



Team Name Goals Shots Shots Attemp Shots Blocked PIM HIT PP PK FO%
Silver Knights 291717250 / 3 (0%)142%
Stars 11626211151 / 1 (100%)058%

Silver Knights
Player Name POS G A P +/- PIM HIT SHT SB MP PP MP PP SHT PK MP PK SHT FO% FOT GA TA
Alex TurcotteC000000003:010:0000:0000% 000
Brandon BiroLW0000030019:132:4400:0600% 000
Derrick PouliotD0001002022:262:4100:0000% 001
Jacob PetersonC/LW0000032020:372:3900:0000% 310
Jeremie PoirierD0000020021:112:3600:1800% 000
Jesse YlönenLW/RW0000000017:110:0000:00042% 1200
Juraj SlafkovskyLW/RW0000021021:512:5300:39067% 300
Lucas CarlssonD1011022026:003:2100:2700% 010
Mavrik BourqueC0001030019:443:0000:3900% 201
Max CrozierD000000007:580:0000:0000% 000
Mike HardmanLW/RW0111020017:570:1800:00050% 200
Nolan PatrickC/RW0001011020:201:0600:00075% 800
Reese JohnsonC/RW0000531119:380:1800:0000% 100
Roland McKeownD0000020026:123:1600:4500% 010
Ruslan IskhakovC0000000014:272:5800:0600% 200
Scott ReedyC0000010014:341:5500:0000% 000
William VilleneuveD000000002:330:0000:0000% 000
Wyatt NewpowerD0000210019:200:0000:0000% 000
Stars
Player Name POS G A P +/- PIM HIT SHT SB MP PP MP PP SHT PK MP PK SHT FO% FOT GA TA
Calle RosenD0000030024:270:3603:1300% 011
Chris TerryC/LW/RW000-1700018:440:2701:580100% 100
Cole MaierC0000220018:260:0000:23083% 602
Eddie WittchowD000-1000017:250:0001:2600% 000
Ethan ProwD0110003124:040:0902:3800% 000
Ethen FrankRW0000012018:010:0002:0010% 000
Ilya SolovyovD000-1000016:180:0000:0600% 000
Jayson MegnaC/LW/RW000-1012025:160:3902:41047% 1900
Jesper FrodenRW0110001016:350:0600:0000% 000
Joel L'EsperanceC/RW1010013119:400:0611:5900% 100
Justin BrazeauRW0000000010:120:0000:0000% 000
Kevin ConnautonD0000210022:250:3601:5300% 000
Martin FrkRW000-1022017:090:3900:0300% 010
Nikita NesterenkoC/LW0000022017:230:0000:3400% 000
Peetro SeppalaD000000000:220:0000:0000% 000
Riley SheahanC/LW0000021019:290:1802:16067% 600
Ryan SheaD0000000021:100:0902:3800% 000
Zac DalpeC/RW000000001:530:0000:0000% 000

Silver Knights

5 vs 5 Forward
Line #Left WingCenterRight WingPHYDFOFWanted %Time %Time Play
1Juraj SlafkovskyJesse YlönenReese Johnson1224030%16:06
2Brandon BiroJacob PetersonReese Johnson1223028%14:56
3Mike HardmanMavrik BourqueNolan Patrick1222027%14:35
4Jacob PetersonRuslan IskhakovJuraj Slafkovsky1221014%7:41
5 vs 5 Defense
Line #DefenseDefensePHYDFOFWanted %Time %Time Play
1Roland McKeownLucas Carlsson1224027%14:32
2Roland McKeownJeremie Poirier1223037%19:49
3Lucas CarlssonWyatt Newpower1222024%12:33
4Derrick PouliotLucas Carlsson1221012%6:24
Power Play Forward
Line #Left WingCenterRight WingPHYDFOFWanted %Time %Time Play
1Juraj SlafkovskyRuslan IskhakovMavrik Bourque1226062%3:43
2Brandon BiroJacob PetersonJuraj Slafkovsky1224038%2:14
Power Play Defense
Line #DefenseDefensePHYDFOFWanted %Time %Time Play
1Roland McKeownLucas Carlsson1226056%3:21
2Roland McKeownJeremie Poirier1224044%2:36
Penalty Kill 4 Players Forward
Line #CenterWingPHYDFOFWanted %Time %Time Play
1Juraj SlafkovskyMavrik Bourque12260100%0:45
2Mavrik BourqueJuraj Slafkovsky122400%0:00
Penalty Kill 4 Players Defense
Line #DefenseDefensePHYDFOFWanted %Time %Time Play
1Roland McKeownLucas Carlsson1226060%0:27
2Roland McKeownJeremie Poirier1224040%0:18
Penalty Kill 3 Players
Line #WingPHYDFOFWanted %Time %Time PlayDefenseDefensePHYDFOFWanted %Time %Time Play
1Juraj Slafkovsky122600%0:00 Roland McKeownLucas Carlsson122600%0:00
2Juraj Slafkovsky122400%0:00 Roland McKeownJeremie Poirier122400%0:00
4 vs 4 Forward
Line #CenterWingPHYDFOFWanted %Time %Time Play
1Juraj SlafkovskyMavrik Bourque122600%0:00
2Ruslan IskhakovJuraj Slafkovsky122400%0:00
4 vs 4 Defense
Line #DefensePHYDFOFWanted %Time %Time Play
1Roland McKeownLucas Carlsson122600%0:00
2Roland McKeownJeremie Poirier122400%0:00
Last Minutes Offensive
Left WingCenterRight WingDefenseDefense
Juraj SlafkovskyJesse YlönenReese JohnsonRoland McKeownLucas Carlsson
Last Minutes Defensive
Left WingCenterRight WingDefenseDefense
Juraj SlafkovskyJesse YlönenReese JohnsonRoland McKeownLucas Carlsson
Time
Total ForwardTotal DefenseLast Minutes OffensiveLast Minutes Defensive
60:00 60:00 0:000:00
Extra Forwards
Normal PowerPlayPenalty Kill
Scott Reedy, Mavrik Bourque, Ruslan IskhakovScott Reedy, Mavrik BourqueRuslan Iskhakov
Extra Defensemen
Normal PowerPlayPenalty Kill
Roland McKeown, Wyatt Newpower, Derrick PouliotRoland McKeown, Wyatt NewpowerDerrick Pouliot
Penalty Shots
Mavrik Bourque, Reese Johnson, Ruslan Iskhakov, Juraj Slafkovsky, Jacob Peterson
Goalie
Cayden Primeau, Remi Poirier
Scratches
Jeremy McKenna (Healthy), Mitchell Chaffee (Healthy), Ryan Suzuki (Healthy), Drew Helleson (Healthy), Emil Andrae (Healthy) Isak Rosen (Healthy), Jachym Kondelik (Healthy), Matt Rempe (Healthy), Rafaël Harvey-Pinard (Suspend), Evan Cormier (Healthy) Kevin Mandolese (Healthy), David Tendeck (Healthy), Clay Stevenson (Healthy), Gage Alexander (Healthy), Jaxson Stauber (Healthy) Joe Vrbetic (Healthy)

Stars

5 vs 5 Forward
Line #Left WingCenterRight WingPHYDFOFWanted %Time %Time Play
1Chris TerryJayson MegnaMartin Frk1224031%16:24
2Jayson MegnaRiley SheahanJesper Froden1223028%14:41
3Nikita NesterenkoCole MaierEthen Frank1222026%13:46
4Jayson MegnaJoel L'EsperanceJustin Brazeau1221016%8:27
5 vs 5 Defense
Line #DefenseDefensePHYDFOFWanted %Time %Time Play
1Calle RosenKevin Connauton1224037%19:45
2Ethan ProwRyan Shea1223535%18:43
3Ilya SolovyovEddie Wittchow1222528%14:50
4Kevin ConnautonCalle Rosen12200%0:00
Power Play Forward
Line #Left WingCenterRight WingPHYDFOFWanted %Time %Time Play
1Chris TerryJayson MegnaMartin Frk1226060%0:27
2Jayson MegnaRiley SheahanMartin Frk1224040%0:18
Power Play Defense
Line #DefenseDefensePHYDFOFWanted %Time %Time Play
1Calle RosenKevin Connauton1226080%0:36
2Ethan ProwRyan Shea1224020%0:09
Penalty Kill 4 Players Forward
Line #CenterWingPHYDFOFWanted %Time %Time Play
1Jayson MegnaChris Terry1226099%5:54
2Jayson MegnaMartin Frk122401%0:03
Penalty Kill 4 Players Defense
Line #DefenseDefensePHYDFOFWanted %Time %Time Play
1Calle RosenKevin Connauton1226059%3:30
2Ethan ProwRyan Shea1224041%2:27
Penalty Kill 3 Players
Line #WingPHYDFOFWanted %Time %Time PlayDefenseDefensePHYDFOFWanted %Time %Time Play
1Jayson Megna122600%0:00 Calle RosenKevin Connauton122600%0:00
2Chris Terry122400%0:00 Ethan ProwRyan Shea122400%0:00
4 vs 4 Forward
Line #CenterWingPHYDFOFWanted %Time %Time Play
1Jayson MegnaChris Terry122600%0:00
2Jayson MegnaMartin Frk122400%0:00
4 vs 4 Defense
Line #DefensePHYDFOFWanted %Time %Time Play
1Calle RosenKevin Connauton122600%0:00
2Ethan ProwRyan Shea122400%0:00
Last Minutes Offensive
Left WingCenterRight WingDefenseDefense
Chris TerryJayson MegnaMartin FrkCalle RosenKevin Connauton
Last Minutes Defensive
Left WingCenterRight WingDefenseDefense
Chris TerryJayson MegnaMartin FrkCalle RosenKevin Connauton
Time
Total ForwardTotal DefenseLast Minutes OffensiveLast Minutes Defensive
60:00 60:00 0:000:00
Extra Forwards
Normal PowerPlayPenalty Kill
Jesper Froden, Joel L'Esperance, Ethen FrankJesper Froden, Joel L'EsperanceEthen Frank
Extra Defensemen
Normal PowerPlayPenalty Kill
Ilya Solovyov, Calle Rosen, Kevin ConnautonEthan Prow, Eddie WittchowRyan Shea
Penalty Shots
Jayson Megna, Chris Terry, Jesper Froden, Martin Frk, Ethen Frank
Goalie
Dustin Tokarski, Anton Khudobin
Scratches
Drake Caggiula (Healthy), Jimmy Huntington (Healthy), Adam Brooks (Healthy), Josh Melnick (Healthy), Austin Wagner (Healthy) Joseph Cecconi (Healthy), Sam Anas (Healthy), Joona Koppanen (Healthy), Zach Senyshyn (Healthy), Cameron Crotty (Healthy) Byron Froese (Healthy), Felix Robert (Healthy), Cole Clayton (Healthy), Marc McLaughlin (Healthy), Tyler Inamoto (Healthy) Matthew Murray (Healthy)


Play-by-Play

1st period


0:01 of 1st period - Jesse Ylönen wins face-off versus Jayson Megna in neutral zone.
0:04 of 1st period - Slapshot by Lucas Carlsson.
0:04 of 1st period - Stopped by Dustin Tokarski with a rebound.
0:36 of 1st period - Wrist shot by Nikita Nesterenko.
0:36 of 1st period - Shot Misses the Net.
1:18 of 1st period - Snap shot by Nikita Nesterenko.
1:18 of 1st period - Shot Misses the Net.
2:53 of 1st period - Icing by Jacob Peterson.
2:54 of 1st period - Cole Maier wins face-off versus Jacob Peterson in Silver Knights zone.
2:59 of 1st period - Snap shot by Nikita Nesterenko.
2:59 of 1st period - Stopped by Cayden Primeau with a rebound.
3:08 of 1st period - Icing by Cole Maier.
3:09 of 1st period - Mike Hardman wins face-off versus Jayson Megna in Stars zone.
3:10 of 1st period - Slapshot by Lucas Carlsson.
3:10 of 1st period - Goal by Lucas Carlsson - Silver Knights : 1 - Stars : 0.
3:11 of 1st period - Jesse Ylönen wins face-off versus Riley Sheahan in neutral zone.
3:16 of 1st period - Wrist shot by Reese Johnson.
3:16 of 1st period - Shot Blocked by Ethan Prow.
3:36 of 1st period - Ryan Shea is hit by Mike Hardman and loses puck.
4:38 of 1st period - Icing by Eddie Wittchow.
4:39 of 1st period - Jesse Ylönen wins face-off versus Riley Sheahan in Stars zone.
5:13 of 1st period - Snap shot by Jayson Megna.
5:13 of 1st period - Deflect By Nolan Patrick.
5:13 of 1st period - Stopped by Cayden Primeau with a rebound.
5:18 of 1st period - Minor Penalty to Wyatt Newpower for Roughing.
5:19 of 1st period - Juraj Slafkovsky wins face-off versus Jayson Megna in Silver Knights zone.
6:03 of 1st period - Wrist shot by Joel L'Esperance.
6:03 of 1st period - Goal by Joel L'Esperance - Silver Knights : 1 - Stars : 1.
6:04 of 1st period - Riley Sheahan wins face-off versus Reese Johnson in neutral zone.
6:16 of 1st period - Slapshot by Jayson Megna.
6:16 of 1st period - Stopped by Cayden Primeau without a rebound.
6:17 of 1st period - Chris Terry wins face-off versus Jesse Ylönen in Silver Knights zone.
6:20 of 1st period - Snap shot by Martin Frk.
6:20 of 1st period - Stopped by Cayden Primeau without a rebound.
6:21 of 1st period - Jesse Ylönen wins face-off versus Jayson Megna in Silver Knights zone.
6:29 of 1st period - Chris Terry beats up Reese Johnson.
6:29 of 1st period - Penalty to Chris Terry for Fighting.
6:29 of 1st period - Penalty to Reese Johnson for Fighting.
6:30 of 1st period - Jayson Megna wins face-off versus Jesse Ylönen in Silver Knights zone.
6:31 of 1st period - Wrist shot by Martin Frk.
6:31 of 1st period - Shot Misses the Net.
6:46 of 1st period - Snap shot by Jesse Ylönen.
6:46 of 1st period - Shot Misses the Net.
6:56 of 1st period - Martin Frk is hit by Jacob Peterson and loses puck.
7:01 of 1st period - Snap shot by Jacob Peterson.
7:01 of 1st period - Stopped by Dustin Tokarski with a rebound.
7:23 of 1st period - Snap shot by Martin Frk.
7:23 of 1st period - Stopped by Cayden Primeau without a rebound.
7:24 of 1st period - Cole Maier wins face-off versus Jesse Ylönen in Silver Knights zone.
7:31 of 1st period - Slapshot by Ethen Frank.
7:31 of 1st period - Stopped by Cayden Primeau without a rebound.
7:32 of 1st period - Cole Maier wins face-off versus Jesse Ylönen in Silver Knights zone.
7:57 of 1st period - Wrist shot by Nikita Nesterenko.
7:57 of 1st period - Stopped by Cayden Primeau without a rebound.
7:58 of 1st period - Riley Sheahan wins face-off versus Jacob Peterson in Silver Knights zone.
9:45 of 1st period - Slapshot by Jacob Peterson.
9:45 of 1st period - Stopped by Dustin Tokarski with a rebound.
10:01 of 1st period - Joel L'Esperance is hit by Jeremie Poirier and loses puck.
10:26 of 1st period - Jesper Froden is hit by Mavrik Bourque and loses puck.
11:55 of 1st period - Jeremie Poirier is hit by Martin Frk and loses puck.
12:12 of 1st period - Juraj Slafkovsky is hit by Martin Frk and loses puck.
12:27 of 1st period - Jesse Ylönen is hit by Cole Maier and loses puck.
16:51 of 1st period - Jesse Ylönen is hit by Joel L'Esperance and loses puck.
18:06 of 1st period - Ethan Prow is hit by Brandon Biro and loses puck.
19:44 of 1st period - Wyatt Newpower is hit by Calle Rosen and loses puck.
19:55 of 1st period - Lucas Carlsson is hit by Calle Rosen and loses puck.
Goals for this period are 1 for Silver Knights vs 1 for Stars.
Shots for this period are 4 for Silver Knights vs 8 for Stars.

2nd period


0:01 of 2nd period - Riley Sheahan wins face-off versus Juraj Slafkovsky in neutral zone.
0:54 of 2nd period - Wrist shot by Jacob Peterson.
0:54 of 2nd period - Deflect By Juraj Slafkovsky.
0:54 of 2nd period - Shot Blocked by Joel L'Esperance.
0:54 of 2nd period - Puck is out of play.
0:55 of 2nd period - Juraj Slafkovsky wins face-off versus Joel L'Esperance in Stars zone.
1:14 of 2nd period - Joel L'Esperance is hit by Jacob Peterson and loses puck.
1:23 of 2nd period - Snap shot by Juraj Slafkovsky.
1:23 of 2nd period - Stopped by Dustin Tokarski without a rebound.
1:24 of 2nd period - Cole Maier wins face-off versus Mavrik Bourque in Stars zone.
1:44 of 2nd period - Roland McKeown is hit by Nikita Nesterenko and loses puck.
2:20 of 2nd period - Snap shot by Reese Johnson.
2:20 of 2nd period - Stopped by Dustin Tokarski without a rebound.
2:21 of 2nd period - Jesse Ylönen wins face-off versus Cole Maier in Stars zone.
5:13 of 2nd period - Martin Frk is hit by Roland McKeown and loses puck.
5:36 of 2nd period - Snap shot by Riley Sheahan.
5:36 of 2nd period - Deflect By Jeremie Poirier.
5:36 of 2nd period - Stopped by Cayden Primeau without a rebound.
5:37 of 2nd period - Riley Sheahan wins face-off versus Mike Hardman in Silver Knights zone.
5:46 of 2nd period - Snap shot by Joel L'Esperance.
5:46 of 2nd period - Deflect By Jesper Froden.
5:46 of 2nd period - Shot Misses the Net.
5:46 of 2nd period - Puck is out of play.
5:47 of 2nd period - Jayson Megna wins face-off versus Jesse Ylönen in Silver Knights zone.
6:53 of 2nd period - Reese Johnson is hit by Jayson Megna.
7:35 of 2nd period - Mavrik Bourque is hit by Nikita Nesterenko and loses puck.
8:18 of 2nd period - Jayson Megna is hit by Scott Reedy and loses puck.
11:22 of 2nd period - Icing by Nikita Nesterenko.
11:23 of 2nd period - Jayson Megna wins face-off versus Jesse Ylönen in Stars zone.
12:02 of 2nd period - Ryan Shea is hit by Jeremie Poirier and loses puck.
12:17 of 2nd period - Nikita Nesterenko is hit by Mavrik Bourque and loses puck.
14:21 of 2nd period - Icing by Jayson Megna.
14:22 of 2nd period - Cole Maier wins face-off versus Jacob Peterson in Stars zone.
14:22 of 2nd period - Cole Maier is hit by Jacob Peterson.
14:32 of 2nd period - Slapshot by Ethan Prow.
14:32 of 2nd period - Stopped by Cayden Primeau with a rebound.
14:50 of 2nd period - Snap shot by Jayson Megna.
14:50 of 2nd period - Shot Blocked by Reese Johnson.
15:10 of 2nd period - Backhand shot by Mavrik Bourque.
15:10 of 2nd period - Shot Misses the Net.
15:24 of 2nd period - Brandon Biro is hit by Riley Sheahan and loses puck.
15:45 of 2nd period - Wrist shot by Jesper Froden.
15:45 of 2nd period - Stopped by Cayden Primeau with a rebound.
16:24 of 2nd period - Ilya Solovyov is hit by Brandon Biro and loses puck.
17:13 of 2nd period - Minor Penalty to Cole Maier for Slashing.
17:14 of 2nd period - Jayson Megna wins face-off versus Mavrik Bourque in Stars zone.
17:23 of 2nd period - Ethan Prow is hit by Juraj Slafkovsky.
17:40 of 2nd period - Jayson Megna is hit by Brandon Biro and loses puck.
18:03 of 2nd period - Chris Terry is hit by Lucas Carlsson and loses puck.
19:13 of 2nd period - Penalty to Cole Maier is over, Cole Maier is back on ice.
19:34 of 2nd period - Jayson Megna is hit by Roland McKeown and loses puck.
19:49 of 2nd period - Reese Johnson is hit by Ethen Frank and loses puck.
19:56 of 2nd period - Ethen Frank is hit by Mike Hardman and loses puck.
Goals for this period are 0 for Silver Knights vs 0 for Stars.
Shots for this period are 2 for Silver Knights vs 3 for Stars.

3rd period


0:01 of 3rd period - Jayson Megna wins face-off versus Jesse Ylönen in neutral zone.
0:22 of 3rd period - Minor Penalty to Kevin Connauton for Slashing.
0:23 of 3rd period - Jayson Megna wins face-off versus Ruslan Iskhakov in Stars zone.
1:09 of 3rd period - Wrist shot by Ethen Frank.
1:09 of 3rd period - Stopped by Cayden Primeau with a rebound.
2:22 of 3rd period - Penalty to Kevin Connauton is over, Kevin Connauton is back on ice.
2:22 of 3rd period - Ryan Shea is hit by Nolan Patrick and loses puck.
2:35 of 3rd period - Snap shot by Cole Maier.
2:35 of 3rd period - Shot Misses the Net.
3:59 of 3rd period - Justin Brazeau is hit by Juraj Slafkovsky and loses puck.
10:47 of 3rd period - Minor Penalty to Chris Terry for Hooking.
10:48 of 3rd period - Jayson Megna wins face-off versus Ruslan Iskhakov in Stars zone.
11:08 of 3rd period - Brandon Biro is hit by Riley Sheahan and loses puck.
11:21 of 3rd period - Calle Rosen is hit by Mavrik Bourque and loses puck.
11:36 of 3rd period - Brandon Biro is hit by Kevin Connauton and loses puck.
12:34 of 3rd period - Mavrik Bourque is hit by Cole Maier and loses puck.
12:47 of 3rd period - Penalty to Chris Terry is over, Chris Terry is back on ice.
12:55 of 3rd period - Jayson Megna is hit by Reese Johnson.
15:11 of 3rd period - Riley Sheahan is hit by Reese Johnson and loses puck.
15:50 of 3rd period - Jacob Peterson is hit by Calle Rosen and loses puck.
17:42 of 3rd period - Martin Frk is hit by Wyatt Newpower and loses puck.
19:19 of 3rd period - Nikita Nesterenko is hit by Lucas Carlsson and loses puck.
Goals for this period are 0 for Silver Knights vs 0 for Stars.
Shots for this period are 0 for Silver Knights vs 1 for Stars.

Overtime #1


0:01 of 1st overtime period - Nolan Patrick wins face-off versus Jayson Megna in neutral zone.
0:04 of 1st overtime period - Wrist shot by Derrick Pouliot.
0:04 of 1st overtime period - Stopped by Dustin Tokarski with a rebound.
0:07 of 1st overtime period - Icing by Jayson Megna.
0:08 of 1st overtime period - Jayson Megna wins face-off versus Nolan Patrick in Stars zone.
0:17 of 1st overtime period - Snap shot by Joel L'Esperance.
0:17 of 1st overtime period - Stopped by Cayden Primeau without a rebound.
0:18 of 1st overtime period - Nolan Patrick wins face-off versus Jayson Megna in Silver Knights zone.
0:20 of 1st overtime period - Icing by Derrick Pouliot.
0:21 of 1st overtime period - Nolan Patrick wins face-off versus Jayson Megna in Silver Knights zone.
0:30 of 1st overtime period - Slapshot by Nolan Patrick.
0:30 of 1st overtime period - Stopped by Dustin Tokarski without a rebound.
0:31 of 1st overtime period - Nolan Patrick wins face-off versus Jayson Megna in Stars zone.
0:34 of 1st overtime period - Backhand shot by Brandon Biro.
0:34 of 1st overtime period - Deflect By Nolan Patrick.
0:34 of 1st overtime period - Shot Misses the Net.
0:34 of 1st overtime period - Puck is out of play.
0:35 of 1st overtime period - Nolan Patrick wins face-off versus Jayson Megna in Stars zone.
0:40 of 1st overtime period - Wrist shot by Brandon Biro.
0:40 of 1st overtime period - Shot Misses the Net.
0:46 of 1st overtime period - Slapshot by Ethan Prow.
0:46 of 1st overtime period - Shot Misses the Net.
0:48 of 1st overtime period - Snap shot by Jayson Megna.
0:48 of 1st overtime period - Shot Misses the Net.
0:50 of 1st overtime period - Slapshot by Ethan Prow.
0:50 of 1st overtime period - Stopped by Cayden Primeau without a rebound.
0:51 of 1st overtime period - Jayson Megna wins face-off versus Nolan Patrick in Silver Knights zone.
0:54 of 1st overtime period - Slapshot by Jayson Megna.
0:54 of 1st overtime period - Shot Hit the Post.
0:56 of 1st overtime period - Snap shot by Joel L'Esperance.
0:56 of 1st overtime period - Stopped by Cayden Primeau with a rebound.
0:58 of 1st overtime period - Slapshot by Ethan Prow.
0:58 of 1st overtime period - Stopped by Cayden Primeau with a rebound.
1:00 of 1st overtime period - Slapshot by Ethan Prow.
1:00 of 1st overtime period - Shot Misses the Net.
1:26 of 1st overtime period - Ethan Prow is hit by Reese Johnson and loses puck.
2:32 of 1st overtime period - Snap shot by Mike Hardman.
2:32 of 1st overtime period - Shot Misses the Net.
2:34 of 1st overtime period - Wrist shot by Derrick Pouliot.
2:34 of 1st overtime period - Shot Misses the Net.
2:36 of 1st overtime period - Slapshot by Derrick Pouliot.
2:36 of 1st overtime period - Deflect By Chris Terry.
2:36 of 1st overtime period - Stopped by Dustin Tokarski without a rebound.
2:37 of 1st overtime period - Nolan Patrick wins face-off versus Jayson Megna in Stars zone.
Goals for this period are 0 for Silver Knights vs 0 for Stars.
Shots for this period are 3 for Silver Knights vs 4 for Stars.

ShootOut


5:00 of 1st overtime period - Round #1.
5:00 of 1st overtime period - Silver Knights, Mavrik Bourque.
5:00 of 1st overtime period - Backhand shot by Mavrik Bourque.
5:00 of 1st overtime period - Goal by Mavrik Bourque.
5:00 of 1st overtime period - Stars, Jayson Megna.
5:00 of 1st overtime period - Backhand shot by Jayson Megna.
5:00 of 1st overtime period - Stopped by Cayden Primeau.
5:00 of 1st overtime period - Round #2.
5:00 of 1st overtime period - Silver Knights, Reese Johnson.
5:00 of 1st overtime period - Wrist shot by Reese Johnson.
5:00 of 1st overtime period - Goal by Reese Johnson.
5:00 of 1st overtime period - Stars, Chris Terry.
5:00 of 1st overtime period - Snap shot by Chris Terry.
5:00 of 1st overtime period - Goal by Chris Terry.
5:00 of 1st overtime period - Round #3.
5:00 of 1st overtime period - Silver Knights, Ruslan Iskhakov.
5:00 of 1st overtime period - Wrist shot by Ruslan Iskhakov.
5:00 of 1st overtime period - Shot Misses the Net.
5:00 of 1st overtime period - Stars, Jesper Froden.
5:00 of 1st overtime period - Deke by Jesper Froden.
5:00 of 1st overtime period - Stopped by Cayden Primeau.